 Dungeon Crawl Stone Soup version 0.26.1-2-gb8aa6d0cf2 (console) character file.

Game seed: 2465978860901677664

6883 om the Cleaver (level 10, -8/78 HPs)
             Began as a Minotaur Berserker on Feb 12, 2021.
             Was a High Priest of Trog.
             Mangled by a manticore (16 damage)
             ... on level 11 of the Dungeon.
             The game lasted 00:16:21 (11008 turns).

om the Cleaver (Minotaur Berserker)                Turns: 11008, Time: 00:16:21

Health: -8/78      AC:  8    Str: 21    XL:     10   Next: 79%
Magic:  9/9        EV: 11    Int: 10    God:    Trog [*****.]
Gold:   901        SH:  8    Dex: 20    Spells: 9/9 levels left

rFire    + . .     SeeInvis .   a - +4 flail (freeze)
rCold    . . .     Faith    +   H - +0 kite shield
rNeg     . . .     Spirit   .   p - +1 chain mail {rF+}
rPois    .         Reflect  .   (helmet restricted)
rElec    .         Harm     .   s - +2 cloak
rCorr    .         Rampage  .   (no gloves)
Will     .....                  (no boots)
Stlth    ..........             i - amulet of faith
HPRegen  0.23/turn              O - +6 ring of intelligence
MPRegen  0.11/turn              N - +6 ring of dexterity

@: barbed spikes, corroded, berserk cooldown, slowed, very slow
A: retaliatory headbutt, horns 2
a: Renounce Religion, Berserk, Trog's Hand, Brothers in Arms


You were on level 11 of the Dungeon.
You worshipped Trog.
Trog was extremely pleased with you.
You visited 1 branch of the dungeon, and saw 11 of its levels.

You collected 901 gold pieces.

Inventory:

Hand Weapons
 a - a +4 flail of freezing (weapon)
 b - the +3 sling "Punk" {acid, rCorr}
   (You acquired it on level 10 of the Dungeon)

   It provides partial protection from all sources of acid and corrosion.
 w - a +1 war axe
 G - a +3 antimagic great mace
 J - a +1 battleaxe
Missiles
 B - 268 stones
 E - 47 sling bullets
Armour
 l - a +0 leather armour
 p - a +1 chain mail of fire resistance (worn)
 s - a +2 cloak (worn)
 A - a +0 animal skin
 H - a +0 kite shield (worn)
Jewellery
 i - an amulet of faith (around neck)
 r - an uncursed ring of flight
 M - an uncursed amulet of magic regeneration {unknown}
 N - a +6 ring of dexterity (right hand)
 O - a +6 ring of intelligence (left hand)
Wands
 j - a wand of random effects (24)
 o - a wand of iceblast (13)
 y - a wand of paralysis (35)
 z - a wand of digging (5)
 D - a wand of acid (9)
 F - a wand of flame (30)
Scrolls
 c - a scroll of fog
 d - a scroll of enchant weapon
 e - a scroll of vulnerability
 g - 2 scrolls of magic mapping
 h - a scroll of random uselessness
 t - a scroll of blinking
 v - 3 scrolls of teleportation
 x - 3 scrolls of remove curse
 C - 2 scrolls of immolation
 L - a scroll of fear {unknown}
 P - a scroll of enchant armour
Potions
 f - 4 potions of curing
 k - a potion of lignification
 m - a potion of degeneration
 q - 2 potions of magic
 u - a potion of might
 I - a potion of brilliance
 K - 2 potions of flight


   Skills:
 - Level 4.0 Fighting
 - Level 12.6 Axes
 * Level 3.6 Slings
 + Level 10.2 Armour
 + Level 9.4 Dodging
 + Level 3.2 Evocations


You had 9 spell levels left.
You didn't know any spells.
Your spell library was empty.

Dungeon Overview and Level Annotations

Branches:
Dungeon (11/15)            Temple (0/1) D:5            Lair (0/6) D:9
    Orc (0/2) D:10

Altars:
Ashenzari
Elyvilon
Kikubaaqudgha
Qazlal
Ru
The Shining One
Jiyva

Shops:
D:7 =   D:8 (

Annotations:
D:9 3 runed translucent doors, 0gre's ghost, novice GnIE
D:10 1 runed translucent door, swilekon's ghost, novice OpFE


Innate Abilities, Weirdness & Mutations

You reflexively headbutt those who attack you in melee.
You have a pair of horns on your head.


Message History

The manticore claws you but does no damage.
You block the manticore's attack.
You hit the manticore. You freeze the manticore.
The manticore is heavily wounded.
The manticore bites you but does no damage.
The manticore claws you!
* * * LOW HITPOINT WARNING * * *
The manticore claws you but does no damage.
You block the manticore's attack. The manticore claws you!
* * * LOW HITPOINT WARNING * * *
The manticore barely misses you.
You feel much better.
The manticore is no longer covered in acid.
The manticore bites you! You block the manticore's attack.
The manticore barely misses you.
You fail to use your ability.
The manticore bites you!!
* * * LOW HITPOINT WARNING * * *
The manticore claws you.
* * * LOW HITPOINT WARNING * * *
You block the manticore's attack. The manticore bites you!
You die... ......(.#.. ......... .=.....# .(.(..# ....) luh

#####H# #...)@#
###.##### ####+##
#....# #.....#
###....# #..[..#
#......# #.....+
#.#....### #.....#
#.#......####
#.)...# .
#....#....# #.....#
.
#....####†###..<..#
#....# #..##.....#
#....# ##..'.....#


You could see a purple ugly thing, a manticore, a black bear and an iguana.

Vanquished Creatures
  Harold (D:7)
  Pikel (D:6)
  A troll (D:8)
  An acid dragon (D:11)
  A water moccasin (D:8)
  9 orc warriors
  3 sky beasts
  A necrophage (D:8)
  A phantom (D:5)
  5 ogres
  A lemure (D:6)
  6 centaurs
  5 bullfrogs
  3 scorpions
  4 killer bees
  9 wights
  7 howler monkeys
  3 centaur zombies
  A bullfrog zombie (D:9)
  Crazy Yiuf (D:2)
  3 orc priests
  A jelly (D:8)
  A centaur skeleton (D:6)
  2 hounds
  17 orc wizards
  3 bullfrog skeletons
  4 iguanas
  8 worker ants
  2 hound skeletons (D:10)
  A spectral worker ant (D:10)
  Robin (D:3)
  8 adders
  A shadow imp (D:8)
  4 white imps
  An ufetubus (D:5)
  2 oozes (D:4)
  4 adder skeletons
  4 worms
  2 dart slugs (D:1)
  5 leopard geckos
  47 orcs
  A ball python (D:5)
  A bat zombie (D:8)
  5 giant cockroaches
  13 goblins
  9 hobgoblins
  12 jackals
  4 quokkas
  5 bats
  3 frilled lizards (D:2)
  13 kobolds
  3 rats
  A rat zombie (D:8)
255 creatures vanquished.

Vanquished Creatures (others)
  A fungus (D:2)
1 creature vanquished.

Grand Total: 256 creatures vanquished

Notes
Turn   | Place    | Note
-------+----------+-------------------------------------------
     0 | D:1      | om the Minotaur Berserker began the quest for the Orb.
     0 | D:1      | Reached XP level 1. HP: 19/19 MP: 0/0
   148 | D:1      | Reached XP level 2. HP: 21/27 MP: 1/1
   228 | D:1      | Reached skill level 4 in Axes
  1214 | D:2      | Reached XP level 3. HP: 33/33 MP: 2/2
  1286 | D:2      | Reached ** piety under Trog
  1941 | D:2      | Found a runed translucent door.
  1942 | D:2      | Noticed Crazy Yiuf
  2020 | D:2      | Found a sacrificial altar of Ru.
  2347 | D:2      | Found a white marble altar of Elyvilon.
  2347 | D:2      | Found a broken altar of Ashenzari.
  2483 | D:2      | Killed Crazy Yiuf
  2484 | D:2      | Reached skill level 5 in Axes
  2484 | D:2      | Reached XP level 4. HP: 40/40 MP: 3/3
  2777 | D:3      | Noticed Robin
  2785 | D:3      | Killed Robin
  2903 | D:3      | Reached *** piety under Trog
  2950 | D:3      | Reached XP level 5. HP: 46/46 MP: 4/4
  3668 | D:4      | Reached skill level 6 in Axes
  3701 | D:4      | Reached XP level 6. HP: 45/52 MP: 5/5
  4361 | D:5      | Entered Level 5 of the Dungeon
  4366 | D:5      | Found a staircase to the Ecumenical Temple.
  4689 | D:5      | Reached skill level 7 in Axes
  4775 | D:5      | Reached skill level 5 in Armour
  4775 | D:5      | Reached XP level 7. HP: 31/59 MP: 6/6
  4789 | D:5      | Reached **** piety under Trog
  5243 | D:6      | Reached skill level 8 in Axes
  5243 | D:6      | Reached skill level 5 in Dodging
  5258 | D:6      | Noticed Pikel
  5269 | D:6      | Killed Pikel
  5270 | D:6      | Reached skill level 9 in Axes
  5270 | D:6      | Reached XP level 8. HP: 66/66 MP: 7/7
  5883 | D:6      | Found a stormy altar of Qazlal.
  6247 | D:7      | Reached skill level 10 in Axes
  6466 | D:7      | Noticed Harold
  6481 | D:7      | Killed Harold
  6482 | D:7      | Reached skill level 11 in Axes
  6482 | D:7      | Reached XP level 9. HP: 28/71 MP: 8/8
  6893 | D:7      | You fall into a shaft and drop 3 floors!
  6893 | D:10     | Entered Level 10 of the Dungeon
  7016 | D:7      | Reached ***** piety under Trog
  7018 | D:7      | Found Ziran's Jewellery Emporium.
  7426 | D:7      | Found a glowing golden altar of the Shining One.
  7723 | D:8      | Found an ancient bone altar of Kikubaaqudgha.
  7766 | D:8      | Reached skill level 12 in Axes
  7769 | D:8      | Received a gift from Trog
  7839 | D:8      | Found Celopraf's Antique Weapon Boutique.
  8015 | D:8      | Noticed a troll
  8027 | D:8      | Killed a troll
  8028 | D:8      | Reached XP level 10. HP: 78/78 MP: 9/9
  8402 | D:8      | Reached skill level 1 in Evocations
  9022 | D:9      | Found a staircase to the Lair.
  9049 | D:9      | Found a runed translucent gate.
  9049 | D:9      | Found a runed translucent gate.
  9049 | D:9      | Found a runed translucent gate.
  9054 | D:9      | Noticed 0gre's ghost (novice GnIE)
  9057 | D:9      | Found a viscous altar of Jiyva.
  9430 | D:10     | Identified a scroll of acquirement
  9435 | D:10     | Acquired the +3 sling "Punk" {acid, rCorr}
  9436 | D:10     | Found the +3 sling "Punk" {acid, rCorr}
 10241 | D:10     | Reached skill level 1 in Slings
 10429 | D:10     | Received a gift from Trog
 10479 | D:10     | Reached skill level 10 in Armour
 10573 | D:10     | Found a staircase to the Orcish Mines.
 10672 | D:10     | Found a white marble altar of Elyvilon.
 10726 | D:10     | Found a runed translucent door.
 10733 | D:10     | Noticed swilekon's ghost (novice OpFE)
 10983 | D:11     | Noticed a manticore
 11000 | D:11     | Noticed a purple ugly thing
 11008 | D:11     | Mangled by a manticore

Illustrated notes

Levels and vault maps discovered:
D:1:      amcnicky_arrival_blooded_trapdoor, layout_loops_cross
D:2:      layout_basic, gammafunk_temple_overflow_elements,
          nicolae_ru_sacrificial_ziggurat, uniq_crazy_yiuf_cottage
D:3:      layout_basic, hangedman_decor_lopped, columned_hall_lemuel, uniq_robin
D:4:      layout_cave_pools, kennysheep_crisscross
D:5:      layout_rooms, minmay_temple_entry_butterflies
D:6:      layout_basic, basic_altar, serial_corexii_hall,
          corexii_hall_statues_deadend, corexii_hall_statues_s,
          corexii_hall_statues_l, corexii_hall_statues_l,
          chequers_hall_statues_corner_a, chequers_hall_statues_y, uniq_pikel
D:7:      layout_basic, nicolae_tso_swordbearing_angel, serial_shops, shop,
          uniq_harold
D:8:      minmay_bloctagon, layout_basic, lemuel_zombie_altar_kikubaaqudgha,
          serial_shops, shop_fountains, minivault_24,
          amcnicky_mini_rare_corridor_liquid
D:9:      layout_basic, lair_entry_dummy, gammafunk_ghost_ooze
D:10:     layout_rooms, david_orc_4, ebering_ghost_reflecting_pool,
          hangedman_weighted_door, elyvilon_altar_1
D:11:     layout_roguey, portal_ice_cave_entry_ice_beasts, corner_web_ring,
          nicolae_alphabet_shops

Skill      XL: |  1  2  3  4  5  6  7  8  9 10 |
---------------+-------------------------------+-----
Axes           | 4 5 6 7 9 11 12 | 12.6
Fighting       | 4 |  4.0
Armour         | 3 4 5 6 7 9 10 | 10.2
Dodging        | 3 4 5 7 8 9 |  9.4
Evocations     | 3 |  3.2
Slings         | 3 |  3.6

Action                   |  1- 3 |  4- 6 |  7- 9 | 10-12 || total
-------------------------+-------+-------+-------+-------++-------
Melee: Hand axe          |   105 |    86 |       |       ||   191
       Headbutt          |    13 |    17 |    35 |    32 ||    97
       War axe           |       |    32 |   187 |    35 ||   254
       Flail             |       |       |       |    62 ||    62
 Fire: Fustibalus        |       |       |       |   107 ||   107
Invok: Berserk           |       |     2 |     7 |     2 ||    11
Evoke: Wand              |       |       |     3 |       ||     3
  Use: Scroll            |       |    11 |     3 |    11 ||    25
       Potion            |       |       |       |     3 ||     3
Armor: Leather armour    |    26 |    25 |       |       ||    51
       Animal skin       |     4 |       |       |       ||     4
       Chain mail        |       |     5 |   100 |    72 ||   177
Dodge: Dodged            |    72 |    83 |   110 |    56 ||   321
Block: Kite shield       |       |       |     3 |    71 ||    74
